AoeStats
← fat_dgk

Pilgrims

507765803Analyzed
4v4 RM · 13d ago on Sep 19, 2026· 47m 28s· 8 players
Game mode
Random Map
Map size
Large (8 player)
Population
200
Speed
Normal
Resources
Standard
Victory
Conquest
Starting age
Dark Age
Ending age
Imperial Age
RankedLock teamsTeams togetherTeam positionsShared explorationLock speedFull tech treeHidden civsTurbo modeCheats
Victory
Defeat
🇩🇪 Poles · Germany
1285
+14
🇹🇷 Portuguese · Türkiye
1247
+15
🇸🇪 Malians · Sweden
1197
+17
🇩🇪 Armenians · Germany
1196
+17
🇵🇪 Turks · Peru
1253
-17
🇮🇳 Khmer · India
1239
-16
🇹🇼 Italians · Taiwan
1215
-15
🇨🇱 Armenians · Chile
1208
-15
Szorinx
10:33 Loom
12:43 Feudal Age
15:17 Horse Collar
15:24 Double-Bit Axe
18:55 Castle Age
20:10 Scale Barding Armor
20:15 Forging
20:20 Bloodlines
20:30 Bow Saw
20:30 Heavy Plow
22:04 Wheelbarrow
23:38 Hand Cart
28:29 Gold Mining
30:08 Stone Mining
30:22 Town Watch
31:09 Husbandry
31:41 Chain Barding Armor
31:56 Iron Casting
32:20 Light Cavalry
35:35 Imperial Age
35:39 Cavalier
37:21 Blast Furnace
37:17 Szlachta Privileges
37:33 Conscription
40:51 Winged Hussar
41:55 Lechitic Legacy
47:17 Town Patrol
Nghtly
6:32 Loom
11:41 Feudal Age
14:01 Fletching
14:45 Double-Bit Axe
14:40 Horse Collar
22:24 Castle Age
20:59 Padded Archer Armor
22:31 Crossbowman
23:17 Thumb Ring
22:47 Crossbowman
23:52 Bodkin Arrow
24:45 Leather Archer Armor
25:46 Elite Skirmisher
29:20 Town Watch
37:17 Imperial Age
36:10 Gold Mining
36:10 Stone Mining
36:33 Bow Saw
42:53 Bracer
44:26 Ring Archer Armor
46:43 Ballistics
46:59 Conscription
48:09 Chemistry
NotADuck
11:32 Loom
14:33 Feudal Age
15:53 Double-Bit Axe
20:54 Castle Age
20:51 Gold Mining
22:03 Medium Warships
22:15 Bow Saw
24:56 Stone Mining
27:58 Gold Shaft Mining
27:26 Horse Collar
31:48 Wheelbarrow
30:59 Town Watch
33:18 Hand Cart
34:45 Heavy Plow
38:11 Imperial Age
39:55 Crossbowman
41:06 Arbalester
43:08 Fletching
43:18 Padded Archer Armor
43:32 Squires
43:17 Arson
44:16 Ballistics
44:26 Bodkin Arrow
44:46 Leather Archer Armor
45:01 Pikeman
46:33 Conscription
Jesus_was_black
3:22 Loom
11:30 Feudal Age
15:42 Castle Age
16:30 Forging
16:23 Scale Mail Armor
16:33 Horse Collar
17:15 Double-Bit Axe
18:43 Gold Mining
19:07 Bow Saw
19:00 Heavy Plow
19:14 Fletching
21:00 Iron Casting
23:28 Squires
23:13 Arson
27:16 Chain Mail Armor
31:35 Wheelbarrow
36:28 Imperial Age
35:13 Man-at-Arms
37:53 Elite Gbeto
40:10 Plate Mail Armor
42:44 Elite Skirmisher
47:10 Bodkin Arrow
47:15 Padded Archer Armor
nikhdy
4:44 Loom
12:32 Feudal Age
15:21 Castle Age
14:14 Gold Mining
14:16 Double-Bit Axe
16:18 Medium Warships
20:17 Wheelbarrow
21:17 Husbandry
21:30 Bloodlines
22:54 Bow Saw
23:22 Scale Barding Armor
24:07 Forging
28:22 Chain Barding Armor
31:06 Iron Casting
35:01 Imperial Age
35:18 Elite Ballista Elephant
36:18 Conscription
37:06 Light Cavalry
42:18 Stone Mining
43:04 Gold Shaft Mining
42:44 Fletching
44:04 Hussar
47:20 Ballistics
48:01 Chemistry
fat_dgk
8:33 Loom
11:00 Feudal Age
12:12 Double-Bit Axe
13:54 Fletching
18:04 Castle Age
18:42 Bodkin Arrow
19:03 Medium Warships
22:32 Bow Saw
23:42 Gold Mining
23:44 Stone Mining
25:46 Wheelbarrow
31:24 Imperial Age
29:23 Padded Archer Armor
31:37 Ballistics
32:14 Cilician Fleet
34:05 Bracer
36:00 Leather Archer Armor
36:48 Chemistry
36:52 Elite Composite Bowman
38:42 Scale Mail Armor
39:12 Ring Archer Armor
39:11 Forging
42:49 Chain Mail Armor
42:41 Pikeman
jona_vte_94
6:56 Loom
13:32 Feudal Age
18:15 Wheelbarrow
21:04 Castle Age
19:09 Double-Bit Axe
22:25 Hand Cart
22:23 Bow Saw
31:46 Town Watch
42:32 Imperial Age
傳奇商店
4:33 Loom
14:18 Feudal Age
18:55 Castle Age
22:45 Fletching
22:55 Padded Archer Armor
22:53 Gold Mining
27:19 Imperial Age
27:42 Leather Archer Armor
27:23 Bodkin Arrow
28:10 Double-Bit Axe
34:25 Bracer
35:29 Chemistry
Connection lost

Rejoining the realm…

Still unreachable

The connection could not be restored.

Session expired

The server has moved on; the page needs a fresh start.